 Dungeon Crawl Stone Soup version 0.24-a0-725-gf1a930fc54 (webtiles) character file.

Game seed: 18119859648051126579, levelgen mode: deterministic

138 Froggeryz the Chopper (level 5, 0/47 HPs)
             Began as a Minotaur Fighter on Oct 1, 2019.
             Was an Initiate of Okawaru.
             Slain by an orc
             ... wielding a +0 flail
              (1 damage)
             ... on level 4 of the Dungeon.
             The game lasted 00:02:12 (1284 turns).

Froggeryz the Chopper (Minotaur Fighter)            Turns: 1284, Time: 00:02:12

Health: 0/47       AC:  6    Str: 25 (26) XL:     5   Next: 1%
Magic:  4/4        EV:  7    Int:  2 (5)  God:    Okawaru [......]
Gold:   41         SH:  9    Dex:  7 (10) Spells: 4/4 levels left

rFire    . . .     SeeInvis .   a - +0 war axe
rCold    . . .     Gourm    .   c - +0 shield
rNeg     . . .     Faith    .   b - +0 scale mail
rPois    .         Spirit   .   (helmet restricted)
rElec    .         Reflect  .   (no cloak)
rCorr    .         Harm     .   (no gloves)
MR       .....                  (no boots)
Stlth    ..........             (no amulet)
HPRegen  0.15/turn              (no ring)
MPRegen  0.09/turn              (no ring)

@: mighty, lethally poisoned (0 -> -16)
A: retaliatory headbutt, horns 2
a: Renounce Religion


You were on level 4 of the Dungeon.
You worshipped Okawaru.
Okawaru was noncommittal.
You were not hungry.

You visited 1 branch of the dungeon, and saw 3 of its levels.

You collected 41 gold pieces.

Inventory:

Hand Weapons
 a - a +0 war axe (weapon)
Armour
 b - a +0 scale mail (worn)
 c - a +0 shield (worn)
Scrolls
 e - a scroll of teleportation {unknown}
 h - a scroll of identify
 i - 2 scrolls of magic mapping {unknown}
 l - a scroll of blinking {unknown}
 n - a scroll of remove curse
Potions
 k - a potion of agility {unknown}
 m - a potion of heal wounds {unknown}
Comestibles
 f - a ration


   Skills:
 + Level 4.9 Fighting
 * Level 5.3 Axes
 - Level 3.6 Armour
 - Level 3.6 Shields


You had 4 spell levels left.
You didn't know any spells.
Your spell library was empty.

Dungeon Overview and Level Annotations

Branches:
Dungeon (2/15)

Altars:
Okawaru


Innate Abilities, Weirdness & Mutations

You reflexively headbutt those who attack you in melee.
You have a pair of horns on your head.


Message History

Your shield and scale mail prevent you from hitting the orc priest.
You hit the orc.
Your shield and scale mail prevent you from hitting something.
Your shield prevents you from hitting the orc.
* * * LOW HITPOINT WARNING * * *
You feel sick. Something hits you but does no damage.
You are more poisoned.
The orc hits you with a +0 flail.
* * * LOW HITPOINT WARNING * * *
You block the orc priest's attack. You block the orc's attack.
Unknown command.
Unknown command.
Unknown command.
It was a potion of degeneration.
There was something very wrong with that liquid.
You feel weakened.
You feel dopey.
You feel clumsy.
* * * LOW HITPOINT WARNING * * *
You feel sick. Something hits you but does no damage.
The orc hits you with a +0 flail.
You die...

.....$.....# #........#
...........###........#
.......)..............#
......<...............#
............##........#
............##....?...#
............##........#
............###########
.......@o...#
......o{o...#
..........###
.^.........#
.............
.........#.#..
#+#..........##
+.###.#.....


You could see an orc priest and 2 orcs.

Vanquished Creatures
  2 worker ants (D:4)
  A gnoll (D:1)
  3 adders
  An ooze (D:2)
  A worm (D:2)
  2 dart slugs (D:1)
  5 leopard geckos
  3 orcs (D:4)
  A giant cockroach (D:1)
  4 goblins
  3 hobgoblins
  6 jackals
  2 quokkas (D:4)
  A ball python (D:1)
  3 rats (D:1)
38 creatures vanquished.

Notes
Turn   | Place    | Note
-------+----------+-------------------------------------------
     0 | D:1      | Froggeryz the Minotaur Fighter began the quest for the Orb.
     0 | D:1      | Reached XP level 1. HP: 19/19 MP: 0/0
   195 | D:1      | Reached skill level 3 in Axes
   197 | D:1      | Reached XP level 2. HP: 27/27 MP: 1/1
   490 | D:1      | Reached XP level 3. HP: 8/33 MP: 2/2
   872 | D:1      | Reached skill level 4 in Axes
  1168 | D:2      | Found an iron altar of Okawaru.
  1182 | D:2      | Became a worshipper of Warmaster Okawaru
  1215 | D:2      | Reached XP level 4. HP: 40/41 MP: 3/3
  1226 | D:2      | You fall into a shaft and drop 2 floors!
  1248 | D:4      | Reached skill level 5 in Axes
  1279 | D:4      | Reached XP level 5. HP: 25/47 MP: 4/4
  1284 | D:4      | HP: 1/47 [poisoned by an orc wizard]
  1284 | D:4      | Slain by an orc

Levels and vault maps discovered:
D:1:      scummos_arrival_simple_fountains, layout_loops_ring, serial_forest,
          infiniplex_forest_straight_1, infiniplex_forest_lined_corner,
          infiniplex_forest_straight_2, infiniplex_forest_clump_large,
          nrook_uturn, minmay_misc_feat_encased, st_stairs_9,
          minmay_split_cup_small
D:2:      layout_loops_ring, old_standard_altar, first_ration
D:4:      layout_rooms, kennysheep_mini, old_standard_altar,
          makhleb_heckhound_becter, serial_shops, nicolae_shop_behind_doors,
          gup_sewer_entry_pipe

Skill      XL: |  1  2  3  4 |
---------------+-------------+-----
Axes           | 3 4 5 |  5.3
Fighting       | 4 |  4.9
Armour         | |  3.6
Shields        | |  3.6

Action                   |  1- 3 |  4- 6 || total
-------------------------+-------+-------++-------
Melee: War axe           |    74 |    24 ||    98
       Headbutt          |    10 |     2 ||    12
  Use: Potion            |       |     2 ||     2
       Scroll            |       |     1 ||     1
  Eat: Chunk             |     1 |       ||     1
Armor: Scale mail        |    32 |     9 ||    41
Dodge: Dodged            |    20 |     9 ||    29
Block: Shield            |    47 |    22 ||    69

Table legend:
 A = Non-vault XP
 B = Vault XP
 C = Vault XP percentage of total XP
 D = Non-vault monster count
 E = Vault monster count
 F = Vault count percentage of total count
                 A         B        C        D         E       F
            +---------+---------+-------+---------+---------+-------
      Total |     186 |      12 |   6.1 |      33 |       5 |  13.2
            +---------+---------+-------+---------+---------+-------
        D:1 |      43 |      12 |  21.8 |      15 |       5 |  25.0
        D:2 |      51 |       0 |   0.0 |      10 |       0 |   0.0
        D:4 |      92 |       0 |   0.0 |       8 |       0 |   0.0
            +---------+---------+-------+---------+---------+-------
